 Dungeon Crawl Stone Soup version 0.31.0-12-g77e489cdc1 (webtiles) character file.

Game seed: 18088989902120508883

54410 Rassilon the Blocker (level 14, -1/96 HPs)
             Began as a Gargoyle Fighter on Feb 17, 2024.
             Was an Elder of the Shining One.
             Slain by a polar bear (13 damage)
             ... in an ice cave.
             The game lasted 01:09:04 (17832 turns).

Rassilon the Blocker (Gargoyle Fighter)            Turns: 17832, Time: 01:09:05

Health: -1/96      AC: 26    Str: 32    XL:     14   Next: 72%
Magic:  15/15      EV:  9    Int:  6    God:    the Shining One [****..]
Gold:   976        SH: 13    Dex: 11    Spells: 12/13 levels left

rFire   x . .        a - +1 flail (elec)
rCold   + + .        i - +1 kite shield
rNeg    + + +        s - +0 ice dragon scales
rPois   ∞            f - +0 helmet
rElec   +            (no cloak)
rCorr   +            (no gloves)
SInv    .            (no boots)
Will    +....        w - amulet of the acrobat Stlth
                     (no ring)
HPRegen 0.36/turn    C - ring of resist corrosion
MPRegen 0.14/turn

%: acrobat
@: flying, glowing
A: sickness immunity, AC +10, big wings, negative energy resistance 1,
electricity resistance, torment resistance 1, petrification resistance, agile 1,
strong 2
a: Renounce Religion, Divine Shield, Cleansing Flame


You were in an ice cave.
You worshipped the Shining One.
The Shining One was greatly pleased with you.
You visited 3 branches of the dungeon, and saw 16 of its levels.
You also visited: Sewer and Ice Cave.

You collected 1033 gold pieces.
You spent 57 gold pieces at shops.

Inventory:

Hand Weapons
 a - a +1 flail of electrocution (weapon)
 G - a +0 morningstar
Missiles
 n - a curare-tipped dart (quivered)
 x - 25 poisoned darts
Armour
 f - a +0 helmet (worn)
 i - a +1 kite shield (worn)
 s - +0 ice dragon scales (worn)
 F - +0 pearl dragon scales
Jewellery
 w - an amulet of the acrobat (around neck)
 z - a ring of positive energy
 C - a ring of resist corrosion (right hand)
Wands
 c - a wand of polymorph (5)
 g - a wand of roots (15)
 y - a wand of acid (8)
Scrolls
 b - a scroll of enchant weapon
 e - a scroll of silence
 j - 2 scrolls of enchant armour
 m - a scroll of immolation
 p - 2 scrolls of butterflies {unknown}
 q - 4 scrolls of fog
 r - 11 scrolls of teleportation
 v - 2 scrolls of poison
 A - 3 scrolls of fear
 B - 2 scrolls of blinking {unknown}
 D - a scroll of vulnerability
Potions
 d - 4 potions of lignification
 h - a potion of attraction
 k - 4 potions of resistance
 l - a potion of mutation
 o - a potion of ambrosia
 t - 2 potions of brilliance
 u - a potion of invisibility
 E - 3 potions of cancellation
 H - 3 potions of might
 I - a potion of curing
 J - a potion of berserk rage
 K - a potion of enlightenment {unknown}


   Skills:
 + Level 14.3 Fighting
 + Level 12.9 Maces & Flails
 + Level 14.3 Armour
 + Level 14.3 Shields
 + Level 2.4 Invocations


You had 12 spell levels left.
You knew the following spells:

 Your Spells              Type           Power      Damage    Failure   Level
a - Magic Dart            Conj           0%         1d3       77%         1

Your spell library contained the following spells:

 Spells                   Type           Power      Damage    Failure   Level
 Kiss of Death            Conj/Necr      0%         2d5       77%         1
 Blink                    Tloc           0%         N/A       88%         2
 Call Imp                 Summ           0%         N/A       88%         2
 Lesser Beckoning         Tloc           0%         N/A       88%         2
 Momentum Strike          Conj/Tloc      0%         3d8       88%         2
 Confusing Touch          Hex            0%         N/A       98%         3
 Dazzling Flash           Conj/Hex       0%         N/A       98%         3
 Volatile Blastmotes      Fire/Tloc      0%         2d10      98%         3
 Dispel Undead            Necr           0%         3d6       100%        4
 Fulminant Prism          Conj/Alch      0%         3d5       100%        4
 Ignite Poison            Fire/Alch      0%         N/A       100%        4
 Iskenderun's Mystic Bla  Conj/Tloc      0%         2d3       100%        4
 Passage of Golubria      Tloc           0%         N/A       100%        4
 Vhi's Electric Charge    Tloc/Air       0%         N/A       100%        4
 Arcjolt                  Conj/Air       0%         1d10      100%        5
 Freezing Cloud           Conj/Ice/Air   0%         6-21      100%        5
 Iskenderun's Battlesphe  Conj           0%         2d6       100%        5
 Silence                  Hex/Air        0%         N/A       100%        5
 Bombard                  Conj/Erth      0%         9d1       100%        6
 Starburst                Conj/Fire      0%         6d3       100%        6
 Spellforged Servitor     Conj/Summ      0%         N/A       100%        7
 Summon Hydra             Summ           0%         N/A       100%        7
 Lehudib's Crystal Spear  Conj/Erth      0%         10d2      100%        8
 Maxwell's Capacitive Co  Air            0%         ∞         100%        8
 Cigotuvi's Dreadful Rot  Necr/Alch/Air  Unusable   N/A       N/A         2
 Sublimation of Blood     Necr           Unusable   N/A       N/A         2

Dungeon Overview and Level Annotations

Branches:
Dungeon (10/15)            Temple (1/1) D:5            Lair (5/5) D:10
 Shoals (0/4) Lair:2        Snake (0/4) Lair:2        Slime (0/5) Lair:5
  Sewer (visited)           IceCv (1/1)
    Orc: D:9-12

Altars:
Ashenzari
Cheibriados
Dithmenos
Elyvilon
Fedhas
Gozag
Hepliaklqana
Kikubaaqudgha
Makhleb
Nemelex Xobeh
Okawaru
Qazlal
Ru
Sif Muna
Trog
Uskayaw
Vehumet
Wu Jian
Xom
Yredelemnul
Zin
The Shining One
Jiyva

Shops:
D:3 [   D:4 [   D:9 *   D:10 ([(


Innate Abilities, Weirdness & Mutations

You are immune to sickness and miasma.
Your stone body is resilient. (AC +10)
You are immune to poison.
Your large and strong wings let you fly.
You resist negative energy. (rN+)
You are resistant to electric shocks. (rElec)
You are resistant to unholy torment.
You are immune to petrification.
You are agile. (Dex +4, Str/Int -1)
Your muscles are very strong. (Str +8, Int/Dex -2)


Message History

The yak is almost dead.
You sock the yak!
You kill the yak!
You bludgeon the polar bear!!
The polar bear is moderately wounded.
You block the polar bear's attack. x3
You barely miss the polar bear.
The polar bear is moderately wounded.
The polar bear closely misses you. x2; You block the polar bear's attack.
You barely miss the polar bear.
The polar bear is moderately wounded.
The polar bear bites you!
* * * LOW HITPOINT WARNING * * *
You block the polar bear's attack. x2
You bludgeon the polar bear!!
The polar bear is severely wounded.
The polar bear misses you. You block the polar bear's attack.
The polar bear claws you but does no damage.
You sock the polar bear!
Lightning courses through the polar bear!
You kill the polar bear!
You start resting.
A polar bear is nearby!
You hit the polar bear but do no damage.
You block the polar bear's attack. x2
The polar bear claws you but does no damage.
You sock the polar bear!
Lightning courses through the polar bear!
The polar bear is heavily wounded.
The polar bear bites you.
* * * LOW HITPOINT WARNING * * *
The polar bear barely misses you. You block the polar bear's attack.
You barely miss the polar bear.
The polar bear is heavily wounded.
You block the polar bear's attack.
The polar bear claws you but does no damage. x2
You sock the polar bear!
The polar bear is severely wounded.
The polar bear bites you!
You die...

##..###
##~~#####
...##
#≈~##...#
..##
#~~~#..[#
.#
#~#~#...#
##
##~...###
# #.#..#
#..#.##
#.##..#
#.###@#
##.#h##
#....#
##.#.#
###p##
##Y# ##.#
#..# #.##


You could see a polar bear.

Vanquished Creatures
  The ghost of Lhightning the Severer, a journeyman HOFi of Trog (Lair:2)
  6 hydras
  9 death yaks
  2 two-headed ogres (D:9)
  2 ironbound frosthearts (IceCv)
  Amaemon (D:8)
  2 skysharks
  Pikel (D:9)
  The ghost of firemarshallily the Vexing, a novice GnHs of the Shining One (D:6)
  An oklob plant (Lair:1)
  An ice statue (IceCv)
  5 black mambas
  17 elephants
  Joseph (Lair:1)
  2 torpor snails
  An orange demon (D:8)
  6 cane toads
  2 unseen horrors
  Maggie (Lair:1)
  2 rime drakes
  8 komodo dragons
  Psyche (D:8)
  11 polar bears
  A troll (D:10)
  5 dream sheep (Lair:3)
  19 blink frogs
  64 yaks
  A shadow (D:10)
  A vampire (D:9)
  A wyvern (D:8)
  2 steam dragons
  3 basilisks
  6 nagas (Lair:2)
  An acid dragon (D:9)
  7 water moccasins
  2 sky beasts
  4 orc warriors
  3 black bears
  25 wolves
  A centaur (D:8)
  4 phantoms
  3 kobold brigands
  15 bullfrogs
  A gnoll sergeant (D:10)
  2 scorpions (D:6)
  10 wights (D:7)
  11 killer bees
  A howler monkey (D:9)
  5 jellies
  2 hounds
  2 bombardier beetles
  3 orc priests
  3 iguanas
  10 orc wizards
  Robin (D:4)
  16 adders
  8 gnolls
  A river rat (Sewer)
  A white imp (D:6)
  4 ufetubi (D:6)
  4 ribbon worms
  26 orcs
  10 endoplasms
  3 giant cockroaches (D:1)
  18 goblins
  4 hobgoblins
  10 jackals
  4 quokkas
  16 ball pythons
  9 bats
  5 frilled lizards
  17 kobolds
  19 rats
478 creatures vanquished.

Notes
Turn   | Place    | Note
-------+----------+-------------------------------------------
     0 | D:1      | Rassilon the Gargoyle Fighter began the quest for the Orb.
     0 | D:1      | Reached XP level 1. HP: 14/14 MP: 1/1
   107 | D:1      | Reached XP level 2. HP: 11/19 MP: 2/2
   462 | D:1      | Reached XP level 3. HP: 23/23 MP: 3/3
   886 | D:2      | Reached XP level 4. HP: 29/29 MP: 4/4
  1275 | D:2      | Found a faded altar of an unknown god.
  1720 | D:3      | Reached XP level 5. HP: 29/33 MP: 5/5
  1770 | D:3      | Found Cycegeesh's Antique Armour Shoppe.
  1789 | D:3      | You are sucked into a shaft and drop 3 floors!
  1932 | D:6      | Noticed a sky beast
  1965 | D:6      | Reached XP level 6. HP: 24/39 MP: 6/6
  1975 | D:6      | Killed a sky beast
  2032 | D:5      | Entered Level 5 of the Dungeon
  2037 | D:5      | Found a glowing drain.
  2054 | Sewer    | Entered a sewer
  2313 | Sewer    | Reached skill level 5 in Armour
  2370 | Sewer    | Reached skill level 5 in Fighting
  2370 | Sewer    | Reached skill level 5 in Shields
  2370 | Sewer    | Reached XP level 7. HP: 19/44 MP: 7/7
  3238 | D:5      | Reached XP level 8. HP: 51/51 MP: 8/8
  4312 | D:4      | Found Xahiul's Antique Armour Boutique.
  4429 | D:4      | Noticed Robin
  4437 | D:4      | Killed Robin
  4688 | D:4      | Reached skill level 5 in Maces & Flails
  4969 | D:5      | Found a staircase to the Ecumenical Temple.
  4975 | Temple   | Entered the Ecumenical Temple
  5006 | Temple   | Became a worshipper of the Shining One
  5673 | D:6      | Found a runed translucent door.
  5674 | D:6      | Noticed firemarshallily's ghost (novice GnHs)
  5846 | D:6      | Reached * piety under the Shining One
  6243 | D:6      | Killed firemarshallily's ghost
  6244 | D:6      | Reached XP level 9. HP: 50/57 MP: 9/9
  6622 | D:7      | Learned a level 1 spell: Magic Dart
  6688 | D:7      | Gained mutation: Your muscles are strong. (Str +4, Int/Dex
                  | -1) [potion of mutation]
  6688 | D:7      | Gained mutation: You have hidden genetic potential. [potion
                  | of mutation]
  6835 | D:7      | Found a large runed translucent door.
  6835 | D:7      | Found a large runed translucent door.
  6837 | D:7      | Found a shimmering altar of Xom.
  6928 | D:7      | Reached ** piety under the Shining One
  7336 | D:7      | Reached XP level 10. HP: 44/64 MP: 10/10
  7669 | D:8      | Identified the +6 falchion of the Charming Gods {freeze,
                  | Int+3 Stlth+}
  7735 | D:8      | Noticed Psyche
  7736 | D:8      | Gained mutation: You are agile. (Dex +4, Str/Int -1)
                  | [hidden potential]
  7747 | D:8      | Killed Psyche
  8026 | D:8      | Found an opulent altar of Gozag.
  8053 | D:8      | Noticed Amaemon
  8055 | D:8      | Noticed an orange demon
  8085 | D:8      | Killed Amaemon
  8094 | D:8      | Killed an orange demon
  8623 | D:9      | Noticed a two-headed ogre
  8638 | D:9      | Killed a two-headed ogre
  8639 | D:9      | Reached XP level 11. HP: 32/72 MP: 11/11
  8886 | D:9      | Found Zaditov's Assorted Antiques.
  8900 | D:9      | Bought a potion of curing for 57 gold pieces
  8952 | D:9      | Noticed Pikel
  8964 | D:9      | Killed Pikel
  8965 | D:9      | Reached skill level 10 in Armour
  8965 | D:9      | Reached skill level 10 in Shields
  8987 | D:9      | Gained mutation: Your muscles are very strong. (Str +8,
                  | Int/Dex -2) [hidden potential]
  8987 | D:9      | Lost mutation: You have hidden genetic potential. [hidden
                  | potential expressed]
  9340 | D:10     | Entered Level 10 of the Dungeon
  9345 | D:10     | Noticed a two-headed ogre
  9351 | D:10     | Noticed a death yak
  9353 | D:10     | Noticed a death yak
  9371 | D:9      | Reached skill level 10 in Fighting
  9636 | D:10     | Found Wofoesa's Antique Weapon Boutique.
  9687 | D:10     | Found Ceigasox's Armour Shoppe.
  9709 | D:10     | Found Zeebboq's Antique Weapon Shoppe.
  9788 | D:10     | Found a staircase to the Lair.
  9789 | D:10     | Noticed a death yak
  9789 | D:10     | Noticed a death yak
  9821 | D:9      | Killed a two-headed ogre
  9937 | D:10     | Noticed a death yak
  9969 | D:9      | HP: 2/72 [death yak (11)]
  9973 | D:9      | Killed a death yak
  9982 | D:9      | Killed a death yak
 10224 | D:9      | Killed a death yak
 10552 | D:10     | Killed a death yak
 10562 | D:10     | Killed a death yak
 10988 | Lair:1   | Entered Level 1 of the Lair of Beasts
 11018 | Lair:1   | Noticed Maggie
 11029 | Lair:1   | Killed Maggie
 11063 | Lair:1   | Noticed Joseph
 11077 | Lair:1   | Reached XP level 12. HP: 79/79 MP: 12/12
 11084 | Lair:1   | Killed Joseph
 11146 | Lair:1   | Reached skill level 10 in Maces & Flails
 12051 | Lair:2   | Noticed an eight-headed hydra
 12051 | Lair:2   | Noticed a skyshark
 12061 | Lair:1   | Killed an eight-headed hydra
 12355 | Lair:1   | Killed a skyshark
 12923 | Lair:2   | Noticed a skyshark
 12932 | Lair:2   | Killed a skyshark
 12933 | Lair:2   | Reached XP level 13. HP: 86/86 MP: 13/13
 12992 | Lair:2   | Found a staircase to the Shoals.
 12993 | Lair:2   | Reached *** piety under the Shining One
 13518 | Lair:2   | Noticed Lhightning's ghost (journeyman HOFi)
 13574 | Lair:2   | Found a runed translucent door.
 13633 | Lair:2   | Found a staircase to the Snake Pit.
 13840 | Lair:2   | Killed Lhightning's ghost
 15570 | Lair:4   | Gained mutation: Your large and strong wings let you fly.
                  | [Gargoyle growth]
 15570 | Lair:4   | Reached XP level 14. HP: 82/94 MP: 14/14
 15688 | Lair:4   | Reached **** piety under the Shining One
 16654 | Lair:5   | Entered Level 5 of the Lair of Beasts
 16717 | Lair:5   | Found a staircase to the Slime Pits.
 16741 | Lair:5   | Found a viscous altar of Jiyva.
 16767 | Lair:5   | Found a frozen archway.
 16913 | IceCv    | Entered an ice cave
 17162 | IceCv    | Reached skill level 1 in Invocations
 17832 | IceCv    | Slain by a polar bear

Illustrated notes

Levels and vault maps discovered:
D:1:      nicolae_arrival_washed_ashore, layout_loops_ring,
          minmay_misc_feat_rugged, chequers_serial_rivers_micro_a
D:2:      layout_basic, shapermc_ecumenical_altar_gd
D:3:      layout_basic, serial_shops, nicolae_shop_scrapyard
D:4:      layout_loops_cross, serial_shops, nicolae_square_shop,
          kennysheep_generic_room_2, uniq_robin
D:5:      layout_basic, temple_green, portal_sewer_entry_a
D:6:      layout_gridville, ebering_ghost_inner_flame,
          hangedman_decor_clover_reticule
D:7:      due_chaos_kobolds, layout_basic
D:8:      layout_rooms, nicolae_gozag_cash_rules_everything_around_me,
          uniq_amaemon, uniq_psyche
D:9:      layout_irregular_city, serial_shops, nicolae_shop_overgrown_old_shop,
          uniq_pikel
D:10:     layout_long_grid, dpeg_lair_monsters, serial_shops, kennysheep_mini,
          shop, nicolae_shop_peninsula
Temple:   kilobyte_greek_temple
Lair:1:   layout_hall_layers, uniq_joseph, uniq_maggie
Lair:2:   layout_loops_ring, elwin_shoals_entry_rocks,
          minmay_snake_entry_guardpost_medium, hellmonk_ghost_happy_afterlife,
          nicolae_lair_grove_arrangements, chequers_serial_rivers_room_a,
          grunt_megastairs_3
Lair:3:   layout_chaotic_city, infiniplex_staircase_pool_2, grunt_megastairs_5,
          lemuel_fruit_fields
Lair:4:   layout_cave_pods
Lair:5:   gammafunk_lair_ancient_temple, layout_layer_cave,
          nicolae_slime_entry_field_trip, portal_ice_cave_entry_pillars_1,
          st_stairs_11
IceCv:    ice_cave_caverns_03

Skill      XL: |  1  2  3  4  5  6  7  8  9 10 11 12 13 14 |
---------------+-------------------------------------------+-----
Armour         | 4 5 7 8 9 11 12 13 14 | 14.3
Shields        | 4 5 7 8 9 11 12 13 14 | 14.3
Fighting       | 4 5 7 8 9 10 12 13 14 | 14.3
Maces & Flails | 3 4 6 7 8 9 11 12 | 12.9
Invocations    | 2 |  2.4

Action                     |  1- 3 |  4- 6 |  7- 9 | 10-12 | 13-15 || total
---------------------------+-------+-------+-------+-------+-------++-------
  Melee: Flail             |   123 |   228 |   349 |   513 |   731 ||  1944
  Throw: Dart              |       |       |     4 |     3 |     2 ||     9
 Invoke: Divine Shield     |       |       |       |     3 |     1 ||     4
    Use: Potion            |       |     4 |     6 |     4 |     3 ||    17
         Scroll            |       |     5 |     1 |     9 |     3 ||    18
 Armour: Scale mail        |   108 |   335 |   343 |    96 |       ||   882
         Chain mail        |       |       |       |    62 |       ||    62
         Pearl dragon scal |       |       |       |   237 |   445 ||   682
         Ice dragon scales |       |       |       |       |   113 ||   113
  Dodge: Dodged            |    66 |   169 |   219 |   237 |   229 ||   920
  Block: Buckler           |    34 |    87 |   117 |    46 |       ||   284
         Kite shield       |       |       |       |   332 |   538 ||   870
